 Dungeon Crawl Stone Soup version 0.32-a0-928-g1cae6b7ea0 (webtiles) character file.

Game seed: 4508960869956358590

2699 nel the Scholar of Death (level 9, -6/57 HPs)
             Began as a Demonspawn Necromancer on Apr 12, 2024.
             Was a Follower of Kikubaaqudgha.
             Killed by divine providence
             ... invoked by an orc priest
              (12 damage)
             ... on level 9 of the Dungeon.
             The game lasted 00:31:16 (6788 turns).

nel the Scholar of Death (Demonspawn Necromancer)   Turns: 6788, Time: 00:31:17

Health: -6/57      AC:  9    Str: 11    XL:     9   Next: 38%
Magic:  0/12       EV: 19    Int: 16    God:    Kikubaaqudgha [*.....]
Gold:   187        SH:  4    Dex: 17    Spells: 4/12 levels left

rFire   + .          .
                       - Unarmed
rCold   + . .        (no shield)
rNeg    . . .        w - +2 leather armour {rC+}
rPois   .            (helmet restricted)
rElec   .            m - +0 cloak
rCorr   .            (no gloves)
SInv    .            q - +2 pair of boots
Will    .....        l - amulet of faith
Stlth   ++           d - ring of protection from fire
HPRegen 0.29/turn    t - +5 ring of evasion
MPRegen 0.26/turn

%: guardian spirit, faith
@: mighty, animating dead
A: claws 1, large bone plates 1, magic shield, magic regeneration, antennae 1,
agile 1
a: Renounce Religion, Unearth Wretches


You were on level 9 of the Dungeon.
You worshipped Kikubaaqudgha.
Kikubaaqudgha was aware of your devotion.
You visited 2 branches of the dungeon, and saw 10 of its levels.

You collected 367 gold pieces.
You spent 180 gold pieces at shops.

Inventory:

Missiles
 k - 2 curare-tipped darts
 r - a poisoned dart (quivered)
 u - 2 throwing nets
Armour
 e - +0 steam dragon scales
 h - a +0 cloak
 m - a +0 cloak (worn)
 q - a +2 pair of boots (worn)
 w - a +2 leather armour of cold resistance (worn)
 x - the +1 leather armour of the Ego {rN+ SInv}
   (You found it on level 8 of the Dungeon)

   rN+:       It protects you from negative energy.
   SInv:      It lets you see invisible.
Jewellery
 d - a ring of protection from fire (left claw)
 l - an amulet of faith (around neck)
 p - a ring of resist corrosion
 t - a +5 ring of evasion (right claw)
Talismans
 j - a beast talisman
Wands
 n - a wand of quicksilver (9)
Scrolls
 i - a scroll of teleportation
 o - 4 scrolls of fog
 z - 3 scrolls of blinking
Potions
 a - 2 potions of heal wounds {unknown}
 b - 2 potions of magic
 c - 4 potions of curing
 f - 2 potions of degeneration {unknown}
 s - 4 potions of brilliance {unknown}
 v - a potion of might


   Skills:
 + Level 6.9 Dodging
 - Level 2.0 Stealth
 + Level 5.1 Unarmed Combat
 - Level 2.0 Spellcasting
 + Level 10.6 Necromancy


You had 4 spell levels left.
You knew the following spells:

 Your Spells              Type           Power      Damage    Failure   Level
a - Necrotise             Necr           100%       1d9       1%          1
b - Vampiric Draining     Necr           35%        2d8       1%          3
c - Animate Dead          Necr           35%        N/A       3%          4

Your spell library contained the following spells:

 Spells                   Type           Power      Damage    Failure   Level
 Sublimation of Blood     Necr           35%        N/A       1%          2
 Magic Dart               Conj           4%         1d3       26%         1
 Searing Ray              Conj           2%         2d4       38%         2
 Sigil of Binding         Hex            1%         N/A       63%         3
 Fulminant Prism          Conj/Alch      0%         3d5       95%         4
 Curse of Agony           Necr           35%        N/A       10%         5
 Death Channel            Necr           17%        N/A       45%         6
 Sculpt Simulacrum        Ice/Alch       0%         N/A       100%        6


Dungeon Overview and Level Annotations

Branches:
Dungeon (9/15)             Temple (1/1) D:4            Lair (0/5) D:8
    Orc: D:9-12

Altars:
Ashenzari
Cheibriados
Dithmenos
Fedhas
Gozag
Hepliaklqana
Kikubaaqudgha
Makhleb
Nemelex Xobeh
Okawaru
Qazlal
Ru
Sif Muna
Trog
Uskayaw
Vehumet
Wu Jian
Xom
Yredelemnul

Shops:
D:8 ?


Innate Abilities, Weirdness & Mutations

You have sharp fingernails.
You are partially covered in large bone plates. (SH +4)
When hurt, damage is shared between your health and your magic reserves.
You regenerate magic rapidly.
You have a pair of small antennae on your head.
You are agile. (Dex +4, Str/Int -1)


Message History

You block the orc warrior's attack.
An orc wizard and an orc come into view.
The orc wizard shouts!
The orc attacks as it pursues you! The orc misses you.
The orc warrior attacks as it pursues you!
You block the orc warrior's attack.
The orc shouts!
You claw the orc!
You kill the orc!
Kikubaaqudgha accepts your kill.
An orc priest comes into view. It is wielding a +0 mace.
Unknown command.
Casting: Vampiric Draining (safe; 1% risk of failure)
Confirm with . or Enter, or press ? or * to list all spells.
You call upon the dead to rise.
The orc warrior closely misses you.
An orc comes into view. It is wielding a +0 dagger.
Unknown command.
Unknown command.
An orc priest comes into view. It is wielding a +0 dagger.
The orc hits you but does no damage.
You see here a +0 mace.
Unknown command.
The orc priest shouts!
You claw the orc priest!
The orc priest is heavily wounded.
The orc warrior hits you with a +0 halberd!
* * * LOW HITPOINT WARNING * * *
The orc hits you with a +0 dagger.
* * * LOW HITPOINT WARNING * * *
The orc priest invokes the aid of Beogh against you.
Beogh smites you!
* * * LOW HITPOINT WARNING * * *
Unknown command.
Unknown command.
You scratch the orc warrior.
The orc warrior is lightly wounded.
The orc priest invokes the aid of Beogh against you.
Beogh smites you!
You die...
Kikubaaqudgha rasps: You have failed me!
Welcome... death!

###..##...###
###............
#..............
##.....).......#
#.....).........
###..#..#{........
#...###{##.oo.....
####..##oo#oo.o....
#.###.##@oo.[......
###..#...............
#.......(.#....(...##
#....(.###.........#
##.....##..........#
#..<..##.#....##....
#........#.....##...
......................
....####.###............


You could see an orc warrior, 3 orc priests, an orc wizard and 3 orcs.

Vanquished Creatures
  Pikel (D:9)
  Maggie (D:7)
  A hornet (D:8)
  Duvessa (D:7)
  2 ice beasts
  A sky beast (D:8)
  A black bear (D:4)
  An ogre (D:5)
  A phantom (D:6)
  A kobold brigand (D:7)
  A bullfrog (D:6)
  A scorpion (D:5)
  Dowan (D:7)
  3 killer bees (D:8)
  3 howler monkeys
  2 hounds
  A bombardier beetle (D:5)
  An orc priest (D:9)
  A gnoll bouda (D:7)
  An iguana (D:4)
  Natasha (thrice) (D:2)
  An orc wizard (D:4)
  4 gnolls
  4 adders
  4 shadow imps (D:4)
  5 white imps (D:4)
  2 ufetubi (D:4)
  3 dart slugs
  A ribbon worm (D:4)
  15 orcs
  6 ball pythons
  9 endoplasms
  4 giant cockroaches
  6 goblins
  3 hobgoblins
  9 kobolds
  3 quokkas
  6 bats
  6 frilled lizards
  7 rats
127 creatures vanquished.

Vanquished Creatures (collateral kills)
  A bullfrog (D:7)
  A hound (D:3)
  A jelly (D:5)
  A shadow imp (D:4)
  An ufetubus (D:4)
  2 ribbon worms (D:2)
  2 orcs (D:5)
  2 endoplasms
  A frilled lizard (D:2)
12 creatures vanquished.

Vanquished Creatures (others)
  2 gnoll zombies (D:8)
  3 kobold zombies (D:7)
  3 orc zombies (D:5)
8 creatures vanquished.

Grand Total: 147 creatures vanquished

Notes
Turn   | Place    | Note
-------+----------+-------------------------------------------
     0 | D:1      | nel the Demonspawn Necromancer began the quest for the Orb.
     0 | D:1      | Reached XP level 1. HP: 13/13 MP: 3/3
   205 | D:1      | Gained mutation: You are partially covered in large bone
                  | plates. (SH +4) [demonic ancestry]
   205 | D:1      | Reached XP level 2. HP: 16/19 MP: 0/5
   641 | D:1      | Reached skill level 5 in Necromancy
   907 | D:2      | Gained mutation: You regenerate magic rapidly. [demonic
                  | ancestry]
   907 | D:2      | Reached XP level 3. HP: 24/24 MP: 2/6
  1057 | D:1      | Learned a level 3 spell: Vampiric Draining
  1356 | D:2      | Noticed Natasha
  1373 | D:2      | Killed Natasha
  1374 | D:2      | Gained mutation: You have sharp fingernails. [demonic
                  | ancestry]
  1374 | D:2      | Reached XP level 4. HP: 16/30 MP: 0/7
  1383 | D:2      | Noticed Natasha
  1433 | D:2      | Killed Natasha
  1529 | D:2      | Noticed Natasha
  1537 | D:2      | Killed Natasha
  1538 | D:2      | Reached skill level 6 in Necromancy
  1892 | D:3      | Reached XP level 5. HP: 34/35 MP: 4/8
  2094 | D:3      | Found a hide-covered altar of Uskayaw.
  2161 | D:4      | Noticed a black bear
  2400 | D:4      | Found a shimmering blue altar of Sif Muna.
  2566 | D:4      | Gained mutation: You have a pair of small antennae on your
                  | head. [potion of mutation]
  2566 | D:4      | Gained mutation: You are agile. (Dex +4, Str/Int -1)
                  | [potion of mutation]
  2574 | D:4      | Reached XP level 6. HP: 24/41 MP: 9/9
  2575 | D:4      | Reached skill level 7 in Necromancy
  3082 | D:3      | Found an opulent altar of Gozag.
  3088 | D:3      | Found a radiant altar of Vehumet.
  3556 | D:4      | Learned a level 4 spell: Animate Dead
  3573 | D:5      | Entered Level 5 of the Dungeon
  3927 | D:4      | Found a staircase to the Ecumenical Temple.
  3939 | Temple   | Entered the Ecumenical Temple
  3974 | Temple   | Became a worshipper of Kikubaaqudgha
  4069 | D:5      | Gained mutation: When hurt, damage is shared between your
                  | health and your magic reserves. [demonic ancestry]
  4069 | D:5      | Reached XP level 7. HP: 46/46 MP: 7/10
  4092 | D:5      | Reached skill level 8 in Necromancy
  4229 | D:5      | Found a snail-covered altar of Cheibriados.
  4280 | D:5      | Reached skill level 1 in Unarmed Combat
  4958 | D:7      | Noticed Duvessa
  4958 | D:7      | Noticed Dowan
  4959 | D:7      | Noticed Maggie
  5033 | D:6      | Reached skill level 9 in Necromancy
  5102 | D:6      | Reached XP level 8. HP: 46/52 MP: 9/11
  5149 | D:7      | Reached skill level 5 in Dodging
  5213 | D:7      | Killed Maggie
  5470 | D:7      | Killed Duvessa
  5482 | D:7      | Killed Dowan
  5754 | D:8      | Reached skill level 10 in Necromancy
  5940 | D:8      | Identified the +1 leather armour of the Ego {rN+ SInv}
  6106 | D:8      | Reached XP level 9. HP: 57/57 MP: 8/12
  6109 | D:8      | Reached * piety under Kikubaaqudgha
  6109 | D:8      | Received a gift from Kikubaaqudgha
  6515 | D:8      | Found a staircase to the Lair.
  6655 | D:8      | Found Toipsow's Magic Scroll Shop.
  6658 | D:8      | Bought a scroll of blinking for 90 gold pieces
  6658 | D:8      | Bought a scroll of blinking for 90 gold pieces
  6753 | D:9      | Noticed Pikel
  6775 | D:9      | Killed Pikel
  6776 | D:9      | Reached skill level 5 in Unarmed Combat
  6788 | D:9      | Killed from afar by an orc priest

Illustrated notes

Levels and vault maps discovered:
D:1:      wander_arrival_chamber, layout_basic
D:2:      layout_rooms, uniq_natasha
D:3:      layout_basic, nicolae_uskayaw_murder_on_the_dancefloor,
          amethyst_overflow_temple_binary
D:4:      layout_basic, mainiacjoe_overflow_tiny_flanked,
          minmay_temple_entry_fiery, cheibrodos_sewer_entry_bend,
          serial_demonic, serial_demonic_f, serial_demonic_e, serial_demonic_d,
          serial_demonic_a, serial_demonic_g, serial_demonic_b,
          serial_demonic_d, serial_demonic_g, uniq_blork_the_orc
D:5:      layout_rooms, mainiacjoe_overflow_cross_hatched,
          general_overflow_altar
D:6:      layout_rooms, nicolae_houndstooth_variations
D:7:      layout_rooms, uniq_duvessa, uniq_maggie
D:8:      layout_loops_ring, lair_entry_dummy, serial_shops,
          nicolae_shop_rolled_up
D:9:      layout_cave_pools, serial_shops, nicolae_shop_real_fake_doors,
          enter_bailey_3, hex_tiny, uniq_pikel, uniq_maurice
Temple:   nicolae_temple_elliptical

Skill      XL: |  1  2  3  4  5  6  7  8  9 |
---------------+----------------------------+-----
Stealth        | 2 |  2.0
Dodging        | 2 3 4 6 |  6.9
Necromancy     | 5 6 7 9 10 | 10.6
Unarmed Combat | 2 4 5 |  5.1
Spellcasting   | |  2.0

Action                     |  1- 3 |  4- 6 |  7- 9 || total
---------------------------+-------+-------+-------++-------
  Melee: Unarmed           |    15 |   247 |   227 ||   489
         Rapier            |    14 |     5 |       ||    19
         Punch             |       |     2 |     5 ||     7
  Throw: Dart              |       |       |    16 ||    16
   Cast: Necrotise         |    54 |    64 |    69 ||   187
         Vampiric Draining |     1 |     8 |    21 ||    30
         Animate Dead      |       |       |     4 ||     4
    Use: Potion            |       |     7 |     1 ||     8
         Scroll            |       |     2 |     7 ||     9
   Stab: Distracted        |     1 |       |       ||     1
         Sleeping          |     1 |     3 |       ||     4
 Armour: Robe              |    18 |    18 |       ||    36
         Leather armour    |       |   129 |   156 ||   285
         Skin              |       |     3 |       ||     3
  Dodge: Dodged            |    22 |   181 |   220 ||   423
  Block: Other             |       |    47 |    42 ||    89

Table legend: (Time is in decaauts)
 A = Elapsed time spent in this place.
 B = Non-inter-level travel time spent in this place.
 C = Inter-level travel time spent in this place.
 D = Time resting spent in this place.
 E = Time spent auto-exploring this place.
 F = Levels seen in this place.
 G = Mean time per level.
                   A        B        C        D        E       F      G
               +--------+--------+--------+--------+--------+-----+--------+
         Total |   6782 |   6453 |    329 |    237 |   4195 |  10 |  678.2 |
       Dungeon |   6711 |   6450 |    261 |    237 |   4195 |   9 |  745.7 |
        Temple |     70 |      2 |     68 |      0 |      0 |   1 |   70.0 |
               +--------+--------+--------+--------+--------+-----+--------+

Top non-repeatable levels by time:
     D:4: 1334 daAuts
     D:1: 1176 daAuts
     D:8: 948 daAuts
     D:5: 801 daAuts
     D:3: 772 daAuts
     D:2: 700 daAuts
     D:7: 684 daAuts
     D:6: 244 daAuts
  Temple: 70 daAuts
     D:9: 48 daAuts
